 Dungeon Crawl Stone Soup version 0.21.2 (webtiles) character file.

35 Coldstonesans the Firebug (level 3, -5/26 HPs)
             Began as a Draconian Fire Elementalist on Nov 10, 2018.
             Killed by nerve-wracking pain
             ... invoked by a shadow imp
              (11 damage)
             ... on level 3 of the Dungeon.
             The game lasted 00:03:45 (1396 turns).

Coldstonesans the Firebug (DrFE)                    Turns: 1396, Time: 00:03:45

Health: -5/26      AC:  5    Str: 15    XL:     3   Next: 16%
Magic:  0/6        EV: 12    Int: 16    God:
Gold:   48         SH:  0    Dex: 11    Spells: 3/6 levels left

rFire    . . .     SeeInvis .   (no weapon)
rCold    . . .     Gourm    .   (no shield)
rNeg     . . .     Faith    .   (armour unavailable)
rPois    .         Spirit   .   (helmet restricted)
rElec    .         Reflect  .   (no cloak)
rCorr    .         Harm     .   (no gloves)
MR       .....                  (no boots)
Stlth    ++........             (no amulet)
HPRegen  0.08/turn              (no ring)
MPRegen  0.10/turn              (no ring)

@: mighty
A: unfitting armour, cold-blooded, AC +5
a: no special abilities


You were on level 3 of the Dungeon.
You were hungry.

You visited 1 branch of the dungeon, and saw 3 of its levels.

You collected 48 gold pieces.

Inventory:

Scrolls
 d - 4 scrolls of remove curse {unknown}
 e - a scroll of teleportation {unknown}
 g - a scroll of enchant armour {unknown}
 h - 3 scrolls of identify {unknown}
Potions
 c - a potion of might
 j - a potion of degeneration {unknown}
Books
 a - a book of Flames

   Spells                             Type                      Level
   a - Flame Tongue                   Conjuration/Fire             1
   b - Throw Flame                    Conjuration/Fire             2
   c - Conjure Flame                  Conjuration/Fire             3
   d - Inner Flame                    Hexes/Fire                   3
   e - Sticky Flame                   Conjuration/Fire             4
   f - Fireball                       Conjuration/Fire             5
Comestibles
 b - 5 rations
 i - a chunk of flesh


   Skills:
 + Level 2.0 Dodging
 + Level 2.1 Stealth
 * Level 2.4 Spellcasting
 + Level 1.3 Conjurations
 * Level 3.4 Fire Magic


You had 3 spell levels left.
You knew the following spells:

 Your Spells              Type           Power        Failure   Level  Hunger
a - Flame Tongue          Conj/Fire      #....        8%          1    #......
b - Throw Flame           Conj/Fire      #.....       11%         2    ###....


Dungeon Overview and Level Annotations

Branches:
Dungeon (3/15)

Altars:
Hepliaklqana
Qazlal
Yredelemnul


Innate Abilities, Weirdness & Mutations

Your plain brown scales are hard. (AC +5)
You cannot fit into any form of body armour.
You are cold-blooded and may be slowed by cold attacks.


Message History

Aim: a shadow imp (almost dead)
The flame tongue hits the shadow imp.
The shadow imp is almost dead.
It was a potion of might.
You feel very mighty all of a sudden. The shadow imp hits you.
* * * LOW HITPOINT WARNING * * *
It was a potion of curing.
You feel better. The shadow imp barely misses you.
You barely miss the shadow imp.
The shadow imp is almost dead.
The shadow imp gestures at you. Pain shoots through your body!
* * * LOW HITPOINT WARNING * * *
Casting: Flame Tongue
Confirm with . or Enter, or press ? or * to list all spells.
You don't have enough magic to cast that spell.
There is a stone staircase leading up here.
The shadow imp gestures at you. Pain shoots through your body!
You die...

..........#
..._......#
........(.######
........(..K...#
#########.####.#
#......#
######.# ###K#
#@5.# #####


You could see a shadow imp and a kobold.

Vanquished Creatures
  An adder (D:2)
  2 goblins (D:1)
  2 hobgoblins
  4 jackals (D:1)
  4 kobolds
  4 bats
  2 frilled lizards (D:2)
  5 rats
24 creatures vanquished.

Notes
Turn   | Place    | Note
-------+----------+-------------------------------------------
     0 | D:1      | Coldstonesans the Draconian Fire Elementalist began the quest for the Orb.
     0 | D:1      | Reached XP level 1. HP: 14/14 MP: 3/3
   399 | D:1      | Reached XP level 2. HP: 20/20 MP: 0/5
   901 | D:2      | Learned a level 2 spell: Throw Flame
   918 | D:2      | Found a basalt altar of Yredelemnul.
  1017 | D:2      | Reached XP level 3. HP: 26/26 MP: 1/6
  1366 | D:3      | Found a hazy altar of Hepliaklqana.
  1366 | D:3      | Found a stormy altar of Qazlal.
  1396 | D:3      | Killed from afar by a shadow imp

Skill      XL: |  1  2 |
---------------+-------+-----
Stealth        | 2 |  2.1
Dodging        | 2 |  2.0
Spellcasting   | |  2.4
Conjurations   | |  1.3
Fire Magic     | |  3.4

Action                   || total
-------------------------++-------
Melee: Unarmed           ||    31
       Tailslap          ||     5
 Cast: Flame Tongue      ||    25
       Throw Flame       ||    12
  Use: Potion            ||     2
  Eat: Chunk             ||     2
Armor: Skin              ||     8
Dodge: Dodged            ||    28
